TOP OF THE 1ST |
Balzac Rams batting - Pitching for La Crosse Loggers : LHP Manuel Perea
|
Pitching: LHP Manuel Perea
|
|
Batting: LHB Daniel Carter
|
0-0: Ball 1-0: Ball 2-0: Called Strike 2-1: Called Strike 2-2: Foul Ball, location: 2F 2-2: Strikes out swinging, 2-3 out at first.
|
Batting: RHB Shaun Puckett
|
0-0: Ball 1-0: Called Strike 1-1: Ball 2-1: Swinging Strike 2-2: Foul Ball, location: 2F 2-2: Ball 3-2: Foul Ball, location: 2F 3-2: Strikes out looking
|
Batting: RHB Paul Spencer
|
0-0: Ball 1-0: Swinging Strike 1-1: Reached on error, E1 (Groundball, 15)
|
Batting: RHB Ron Glass
|
0-0: Called Strike 0-1: Fly out, F6 (Line Drive, 6)
|
Top of the 1st over - 0 run(s), 0 hit(s), 1 error(s), 1 left on base; Balzac 0 - La Crosse 0 |
BOTTOM OF THE 1ST |
La Crosse Loggers batting - Pitching for Balzac Rams : LHP José Gallegos
|
Pitching: LHP José Gallegos
|
|
Batting: RHB Troy Reed
|
0-0: Called Strike 0-1: Ball 1-1: Ground out 4-3 (Groundball, 4M)
|
Batting: RHB Robert Acosta
|
0-0: SINGLE (Line Drive, 6)
|
Batting: RHB Andrés Bustamante
|
0-0: Ball Robert Acosta steals 2nd base 1-0: Ball 2-0: Foul Ball, location: 2F 2-1: Swinging Strike 2-2: Strikes out looking
|
Batting: RHB Júlio Sánchez
|
0-0: Fly out, F8 (Flyball, 8LD)
|
Bottom of the 1st over - 0 run(s), 1 hit(s), 0 error(s), 1 left on base; Balzac 0 - La Crosse 0 |
TOP OF THE 2ND |
Balzac Rams batting - Pitching for La Crosse Loggers : LHP Manuel Perea
|
Batting: LHB José Román
|
0-0: Ball 1-0: Ball 2-0: Ball 3-0: Base on Balls
|
Batting: RHB Jeremy Flemming
|
0-0: Called Strike 0-1: Called Strike 0-2: SINGLE (Groundball, 15S) (infield hit) José Román to second
|
Batting: RHB Tom Hughes
|
0-0: Ball 1-0: Fielders Choice at 2nd, 5-4 (Groundball, 56) José Román to third
|
Batting: RHB Octávio Aldeguer
|
0-0: Swinging Strike 0-1: Foul Ball, location: 2F 0-2: Strikes out looking
|
Batting: LHB Carlos Barrios
|
0-0: Ball 1-0: Called Strike 1-1: Ground out U3 (Groundball, 3)
|
Top of the 2nd over - 0 run(s), 1 hit(s), 0 error(s), 2 left on base; Balzac 0 - La Crosse 0 |
BOTTOM OF THE 2ND |
La Crosse Loggers batting - Pitching for Balzac Rams : LHP José Gallegos
|
Batting: RHB Francisco Rodríguez
|
0-0: Ball 1-0: Called Strike 1-1: Swinging Strike 1-2: Strikes out swinging
|
Batting: RHB Jesús Silva
|
0-0: Ball 1-0: Ball 2-0: Called Strike 2-1: Ball 3-1: Called Strike 3-2: Strikes out swinging
|
Batting: LHB Brock Miller
|
0-0: Ground out 3-1 (Groundball, 3L)
|
Bottom of the 2nd over - 0 run(s), 0 hit(s), 0 error(s), 0 left on base; Balzac 0 - La Crosse 0 |
TOP OF THE 3RD |
Balzac Rams batting - Pitching for La Crosse Loggers : LHP Manuel Perea
|
Batting: LHB Daniel Carter
|
0-0: Ball 1-0: Ball 2-0: Swinging Strike 2-1: Foul Ball, location: 2F 2-2: Ball 3-2: Ground out U3 (Groundball, 3)
|
Batting: RHB Shaun Puckett
|
0-0: Called Strike 0-1: Ball 1-1: Foul Ball, location: 2F 1-2: Ground out 1-3 (Groundball, 15)
|
Batting: RHB Paul Spencer
|
0-0: Fly out, F8 (Line Drive, 8LS)
|
Top of the 3rd over - 0 run(s), 0 hit(s), 0 error(s), 0 left on base; Balzac 0 - La Crosse 0 |
BOTTOM OF THE 3RD |
La Crosse Loggers batting - Pitching for Balzac Rams : LHP José Gallegos
|
Batting: RHB Paul Richard
|
0-0: Called Strike 0-1: Foul Ball, location: 2F 0-2: Ball 1-2: Ball 2-2: Strikes out swinging
|
Batting: RHB James Jenkins
|
0-0: Ball 1-0: Ground out 5-3 (Groundball, 5)
|
Batting: RHB Troy Reed
|
0-0: Called Strike 0-1: Ball 1-1: Swinging Strike 1-2: Strikes out swinging
|
Bottom of the 3rd over - 0 run(s), 0 hit(s), 0 error(s), 0 left on base; Balzac 0 - La Crosse 0 |
TOP OF THE 4TH |
Balzac Rams batting - Pitching for La Crosse Loggers : LHP Manuel Perea
|
Batting: RHB Ron Glass
|
0-0: Ball 1-0: Ball 2-0: Foul Ball, location: 2F 2-1: Foul Ball, location: 2F 2-2: Ball 3-2: Base on Balls
|
Batting: LHB José Román
|
0-0: Ball 1-0: Ball 2-0: Swinging Strike 2-1: Called Strike 2-2: Ball 3-2: Base on Balls Ron Glass to second
|
Batting: RHB Jeremy Flemming
|
0-0: Called Strike 0-1: Ball 1-1: Foul Ball, location: 2F 1-2: Ball 2-2: Foul Ball, location: 2F 2-2: Ball 3-2: Base on Balls Ron Glass to third José Román to second
|
Batting: RHB Tom Hughes
|
0-0: Foul Ball, location: 2F 0-1: Ball 1-1: Foul Ball, location: 2F 1-2: Foul Ball, location: 2F 1-2: Ball 2-2: Foul Ball, location: 2F 2-2: Grounds into double play, 6-4-3 (Groundball, 6) Ron Glass scores José Román to third
|
Batting: RHB Octávio Aldeguer
|
0-0: Called Strike 0-1: Ball Wild Pitch! José Román scores 1-1: Ball 2-1: Foul Ball, location: 2F 2-2: Ball 3-2: Base on Balls
|
Batting: LHB Carlos Barrios
|
0-0: Ball 1-0: Ground out 4-3 (Groundball, 34D)
|
Top of the 4th over - 2 run(s), 0 hit(s), 0 error(s), 1 left on base; Balzac 2 - La Crosse 0 |
BOTTOM OF THE 4TH |
La Crosse Loggers batting - Pitching for Balzac Rams : LHP José Gallegos
|
Batting: RHB Robert Acosta
|
0-0: Called Strike 0-1: SINGLE (Line Drive, 78S)
|
Batting: RHB Andrés Bustamante
|
0-0: Ball 1-0: Ball 2-0: Foul Ball, location: 2F 2-1: Swinging Strike 2-2: Foul Ball, location: 2F 2-2: Strikes out looking
|
Batting: RHB Júlio Sánchez
|
0-0: Ball 1-0: Called Strike 1-1: Fly out, F4 (Line Drive, 4)
|
Batting: RHB Francisco Rodríguez
|
0-0: DOUBLE (Line Drive, 9LM) Robert Acosta to third Runner from 3rd tries for Home, SAFE, no throw or cutoff
|
Batting: RHB Jesús Silva
|
0-0: Ball 1-0: Ball 2-0: Ball 3-0: Base on Balls
|
Batting: LHB Brock Miller
|
0-0: Called Strike 0-1: Ball 1-1: Ball 2-1: Swinging Strike 2-2: Ground out 4-3 (Groundball, 4)
|
Bottom of the 4th over - 1 run(s), 2 hit(s), 0 error(s), 2 left on base; Balzac 2 - La Crosse 1 |
TOP OF THE 5TH |
Balzac Rams batting - Pitching for La Crosse Loggers : LHP Manuel Perea
|
Batting: LHB Daniel Carter
|
0-0: Ball 1-0: Ball 2-0: Ball 3-0: Called Strike 3-1: Base on Balls
|
Pitching: LHP Marty Blasingame
|
|
Batting: RHB Shaun Puckett
|
0-0: Ball 1-0: Ball 2-0: Called Strike 2-1: SINGLE (Line Drive, 4MD) Daniel Carter to second
|
Batting: RHB Paul Spencer
|
0-0: Called Strike 0-1: Ball 1-1: Foul Ball, location: 2F 1-2: Ball 2-2: Strikes out swinging
|
Batting: RHB Ron Glass
|
0-0: Called Strike 0-1: Ball 1-1: Foul Ball, location: 2F 1-2: Ball Wild Pitch! Daniel Carter to third Shaun Puckett to second 2-2: Ball 3-2: Intentional Walk
|
Batting: LHB José Román
|
0-0: Swinging Strike 0-1: Foul Ball, location: 2F 0-2: Ball 1-2: Ball 2-2: Strikes out swinging
|
Batting: RHB Jeremy Flemming
|
0-0: Ball 1-0: Called Strike 1-1: Fly out, F8 (Flyball, 78S)
|
Top of the 5th over - 0 run(s), 1 hit(s), 0 error(s), 3 left on base; Balzac 2 - La Crosse 1 |
BOTTOM OF THE 5TH |
La Crosse Loggers batting - Pitching for Balzac Rams : LHP José Gallegos
|
Batting: RHB Paul Richard
|
0-0: Ground out 5-3 (Groundball, 15S)
|
Batting: RHB James Jenkins
|
0-0: Ball 1-0: Ball 2-0: Called Strike 2-1: SINGLE (Flyball, 6MD)
|
Batting: RHB Troy Reed
|
0-0: Called Strike 0-1: Ball 1-1: Ball 2-1: Swinging Strike 2-2: Ball James Jenkins steals 2nd base 3-2: Base on Balls
|
Batting: RHB Robert Acosta
|
0-0: Swinging Strike 0-1: Foul Ball, location: 2F 0-2: Ball 1-2: Strikes out swinging
|
Batting: RHB Andrés Bustamante
|
0-0: Ball 1-0: Fielders Choice at 2nd, 5-4 (Groundball, 5)
|
Bottom of the 5th over - 0 run(s), 1 hit(s), 0 error(s), 1 left on base; Balzac 2 - La Crosse 1 |
TOP OF THE 6TH |
Balzac Rams batting - Pitching for La Crosse Loggers : LHP Marty Blasingame
|
Batting: RHB Tom Hughes
|
0-0: Ball 1-0: Ball 2-0: Fly out, F9 (Flyball, 9LS)
|
Batting: RHB Octávio Aldeguer
|
0-0: Called Strike 0-1: Called Strike 0-2: Ball 1-2: Strikes out looking
|
Pitching: LHP Nathan Ortíz
|
|
Batting: LHB Carlos Barrios
|
0-0: Called Strike 0-1: Foul Ball, location: 2F 0-2: Strikes out swinging
|
Top of the 6th over - 0 run(s), 0 hit(s), 0 error(s), 0 left on base; Balzac 2 - La Crosse 1 |
BOTTOM OF THE 6TH |
La Crosse Loggers batting - Pitching for Balzac Rams : LHP José Gallegos
|
Batting: RHB Júlio Sánchez
|
0-0: Fly out, F4 (Popup, 4M)
|
Batting: RHB Francisco Rodríguez
|
0-0: Ball 1-0: Ground out 6-3 (Groundball, 6M)
|
Batting: RHB Jesús Silva
|
0-0: Ball 1-0: Ground out 4-3 (Groundball, 4)
|
Bottom of the 6th over - 0 run(s), 0 hit(s), 0 error(s), 0 left on base; Balzac 2 - La Crosse 1 |
TOP OF THE 7TH |
Balzac Rams batting - Pitching for La Crosse Loggers : LHP Nathan Ortíz
|
Batting: LHB Daniel Carter
|
0-0: Ball 1-0: Ball 2-0: Ball 3-0: Called Strike 3-1: Called Strike 3-2: Foul Ball, location: 2F 3-2: SINGLE (Popup, 7LS)
|
Batting: RHB Shaun Puckett
|
0-0: Ball 1-0: Sac Bunt - play at first, batter OUT! 1-4 Daniel Carter to second
|
Batting: RHB Paul Spencer
|
0-0: Called Strike 0-1: Foul Ball, location: 2F 0-2: Ball 1-2: Ground out 4-3 (Groundball, 4) Daniel Carter to third
|
Batting: RHB Ron Glass
|
0-0: Called Strike 0-1: Fly out, F8 (Line Drive, 8RS)
|
Top of the 7th over - 0 run(s), 1 hit(s), 0 error(s), 1 left on base; Balzac 2 - La Crosse 1 |
BOTTOM OF THE 7TH |
La Crosse Loggers batting - Pitching for Balzac Rams : LHP José Gallegos
|
Batting: LHB Brock Miller
|
0-0: Called Strike 0-1: Ball 1-1: Swinging Strike 1-2: Foul Ball, location: 2F 1-2: Strikes out swinging
|
Batting: RHB Paul Richard
|
0-0: Ground out 5-3 (Groundball, 5S)
|
Batting: RHB James Jenkins
|
0-0: Fly out, F5 (Popup, 5SF)
|
Bottom of the 7th over - 0 run(s), 0 hit(s), 0 error(s), 0 left on base; Balzac 2 - La Crosse 1 |
TOP OF THE 8TH |
Balzac Rams batting - Pitching for La Crosse Loggers : LHP Nathan Ortíz
|
Batting: LHB José Román
|
0-0: Called Strike 0-1: Ball 1-1: Foul Ball, location: 2F 1-2: Foul Ball, location: 2F 1-2: Ball 2-2: Strikes out looking
|
Batting: RHB Jeremy Flemming
|
0-0: Swinging Strike 0-1: Ball 1-1: Foul Ball, location: 2F 1-2: Foul Ball, location: 2F 1-2: Strikes out swinging
|
Batting: RHB Tom Hughes
|
0-0: Called Strike 0-1: Fly out, F6 (Line Drive, 6)
|
Top of the 8th over - 0 run(s), 0 hit(s), 0 error(s), 0 left on base; Balzac 2 - La Crosse 1 |
BOTTOM OF THE 8TH |
La Crosse Loggers batting - Pitching for Balzac Rams : LHP José Gallegos
|
Now at 3B: Jeff Stevenson
|
|
Batting: RHB Troy Reed
|
0-0: Called Strike 0-1: Swinging Strike 0-2: Ball 1-2: Strikes out looking
|
Batting: RHB Robert Acosta
|
0-0: Ball 1-0: Foul Ball, location: 2F 1-1: Ball 2-1: Ball 3-1: Swinging Strike 3-2: Base on Balls
|
Batting: RHB Andrés Bustamante
|
0-0: Called Strike 0-1: SINGLE (Line Drive, 6D) Robert Acosta to second
|
Batting: RHB Júlio Sánchez
|
0-0: SINGLE (Groundball, 56D) Robert Acosta to third Andrés Bustamante to second Runner from 3rd tries for Home, SAFE, no throw or cutoff
|
Pitching: LHP Nick Johnson
|
|
Batting: RHB Francisco Rodríguez
|
0-0: Ball 1-0: Called Strike 1-1: Foul Ball, location: 2F 1-2: SINGLE (Groundball, 6MD) Andrés Bustamante to third Júlio Sánchez to second
|
Batting: RHB Jesús Silva
|
Error on foul ball, E2 0-1: Ball 1-1: Foul Ball, location: 2F 1-2: Ball 2-2: Foul Ball, location: 2F 2-2: Foul Ball, location: 2F 2-2: Ball 3-2: SINGLE (Groundball, 56D) (infield hit) Andrés Bustamante scores Júlio Sánchez to third Francisco Rodríguez to second
|
Batting: LHB Brock Miller
|
0-0: Fly out, F4 (Popup, 4)
|
Batting: RHB Paul Richard
|
0-0: SINGLE (Groundball, 3D) Júlio Sánchez scores Francisco Rodríguez to third Jesús Silva to second Runner from 3rd tries for Home, SAFE, no throw or cutoff
|
Batting: RHB James Jenkins
|
0-0: DOUBLE (Line Drive, 5D) Jesús Silva scores Paul Richard to third Runner from 3rd tries for Home, SAFE, no throw or cutoff
|
Pitching: RHP Carlos Bamber
|
|
Batting: RHB Troy Reed
|
0-0: Ball 1-0: Ball 2-0: Ball 3-0: Base on Balls
|
Batting: RHB Robert Acosta
|
0-0: SINGLE (Groundball, 56D) James Jenkins to third Troy Reed to second Runner from 3rd tries for Home, SAFE, no throw or cutoff
|
Batting: RHB Andrés Bustamante
|
0-0: Ball 1-0: Ball 2-0: Foul Ball, location: 2F 2-1: Foul Ball, location: 2F 2-2: Ball 3-2: Strikes out swinging
|
Bottom of the 8th over - 7 run(s), 7 hit(s), 1 error(s), 2 left on base; Balzac 2 - La Crosse 8 |
TOP OF THE 9TH |
Balzac Rams batting - Pitching for La Crosse Loggers : LHP Nathan Ortíz
|
Batting: RHB Octávio Aldeguer
|
0-0: Ball 1-0: SOLO HOME RUN (Flyball, 7D), Distance : 366 ft
|
Pitching: LHP Steve Alexander
|
|
Batting: LHB Carlos Barrios
|
0-0: Ball 1-0: Ground out 6-3 (Groundball, 6)
|
Batting: LHB Daniel Carter
|
0-0: Ball 1-0: Foul Ball, location: 2F 1-1: Ground out 6-3 (Groundball, 6)
|
Batting: RHB Shaun Puckett
|
0-0: Called Strike 0-1: Ball 1-1: Ground out 3-1 (Groundball, 34)
|
Top of the 9th over - 1 run(s), 1 hit(s), 0 error(s), 0 left on base; Balzac 3 - La Crosse 8 |
|